 Dungeon Crawl Stone Soup version 0.26.1-11-gd32895ea62 (webtiles) character file.

Game seed: 16230249995745997058

25974 H0rd4k the Martial Artist (level 13, -2/79 HPs)
             Began as an Octopode Transmuter on July 9, 2021.
             Was an Initiate of Gozag.
             Slain by an eight-headed hydra (7 damage)
             ... on level 3 of the Lair of Beasts.
             The game lasted 00:35:33 (18798 turns).

H0rd4k the Martial Artist (Octopode Transmuter)    Turns: 18798, Time: 00:35:34

Health: -2/79      AC:  2    Str: 27    XL:     13   Next: 23%
Magic:  26/26      EV: 27    Int: 25    God:    Gozag
Gold:   1293       SH:  0    Dex: 20    Spells: 17/30 levels left

rFire    + . .     SeeInvis +     - Unarmed
rCold    x . .     Faith    .   (shield currently unavailable)
rNeg     + . .     Spirit   .   (helmet currently unavailable)
rPois    .         Reflect  .   o - amulet of regeneration
rElec    +         Harm     .   n - ring of resist corrosion
rCorr    +         Rampage  .   W - ring of positive energy
Will     .....                  y - +6 ring of strength
Stlth    +.........             M - ring "Toaleetty" {Str+6 Dex+2}
HPRegen  0.63/turn              z - ring of see invisible
MPRegen  0.20/turn              P - ring "Xazing" {Fire +Fly rElec rPois Int+2}
                                V - ring of Wuubb {Str+4 Int+5 Stlth-}
                                U - +4 ring of slaying

@: spider-form
A: tiny, almost no armour, stealthy swim, (amphibious), 8 rings, (constrict 8)
a: End Transformation, Renounce Religion, Evoke Flight, Potion Petition, Call
Merchant, Bribe Branch


You were on level 3 of the Lair of Beasts.
You worshipped Gozag.
Gozag was most pleased with you.
You were a venomous arachnid creature.
You visited 2 branches of the dungeon, and saw 16 of its levels.

You collected 2842 gold pieces.
You spent 1450 gold pieces at shops.
You paid 99 gold pieces to Gozag.

Inventory:

Hand Weapons
 u - a +2 shortbow of freezing
 G - the +3 mace of an ice cave {venom, +Fly rF+ Str+4}
   (You found it on level 9 of the Dungeon)

   It poisons the flesh of those it strikes.
   It affects your strength (+4).
   It protects you from fire.
   It lets you fly.
Missiles
 i - 51 poisoned darts
 v - 227 arrows
 L - 2 curare-tipped darts (quivered)
Magical Staves
 S - an uncursed staff of poison
Jewellery
 g - an uncursed ring of protection from fire
 n - a ring of resist corrosion (left front leg)
 o - an amulet of regeneration (around neck)
 y - a +6 ring of strength (on tentacle)
 z - a ring of see invisible (on tentacle)
 M - the ring "Toaleetty" (on tentacle) {Str+6 Dex+2}
   (You bought it in a shop on level 4 of the Dungeon)

   [ring of strength]

   It affects your strength (+6).
   It affects your dexterity (+2).
 P - the ring "Xazing" (on tentacle) {Fire +Fly rElec rPois Int+2}
   (You bought it in a shop on level 10 of the Dungeon)

   [ring of fire]

   It enhances your fire magic.
   It affects your intelligence (+2).
   It protects you from fire.
   It makes you vulnerable to cold.
   It insulates you from electricity.
   It protects you from poison.
   It lets you fly.
 U - a +4 ring of slaying (on tentacle)
 V - the ring of Wuubb (on tentacle) {Str+4 Int+5 Stlth-}
   (You found it on level 3 of the Lair of Beasts)

   [ring of attention]

   It affects your strength (+4).
   It affects your intelligence (+5).
   It makes you less stealthy.
 W - a ring of positive energy (right front leg)
Wands
 e - a wand of polymorph (4)
 r - a wand of disintegration (31)
 x - a wand of iceblast (43)
 E - a wand of random effects (47)
 I - a wand of enslavement (6)
 N - a wand of flame (29)
 T - a wand of paralysis (9)
Scrolls
 a - a scroll of immolation {unknown}
 b - 5 scrolls of remove curse
 h - a scroll of blinking {unknown}
 j - 2 scrolls of fog
 s - 2 scrolls of enchant weapon {unknown}
 w - a scroll of noise {unknown}
 A - 3 scrolls of amnesia {unknown}
 F - 2 scrolls of vulnerability
 H - 2 scrolls of magic mapping
 J - a scroll of holy word {unknown}
 O - a scroll of fear
Potions
 c - 3 potions of berserk rage
 d - 2 potions of mutation
 f - 3 potions of brilliance
 k - 3 potions of attraction
 m - 3 potions of lignification
 p - 3 potions of curing
 q - a potion of heal wounds
 B - 5 potions of haste
 C - 2 potions of resistance
 D - 3 potions of flight
 K - a potion of magic
 R - 2 potions of experience
Miscellaneous
 t - a lightning rod (4/4)


   Skills:
 + Level 3.9 Fighting
 + Level 2.1 Throwing
 + Level 7.3 Dodging
 - Level 0.9 Stealth
 + Level 14.4 Unarmed Combat
 * Level 9.4 Spellcasting
 * Level 9.2 Transmutations
 + Level 3.4 Ice Magic
 + Level 3.5 Poison Magic
 + Level 0.6 Evocations


You had 17 spell levels left.
You knew the following spells:

 Your Spells              Type           Power        Failure   Level
a - Beastly Appendage     Tmut           100%         1%          1
b - Spider Form           Tmut/Pois      21%          5%          3
c - Blade Hands           Tmut           27%          11%         5
d - Ice Form              Ice/Tmut       43%          12%         4

Your spell library contained the following spells:

 Spells                   Type           Power        Failure   Level
 Wereblood                Tmut           55%          2%          2


Dungeon Overview and Level Annotations

Branches:
Dungeon (11/15)            Temple (0/1) D:7            Lair (5/6) D:10
  Snake (0/4) Lair:4
  Swamp: Lair:2-4    Shoals: Lair:2-4     Slime: Lair:5-6       Orc: D:9-12

Altars:
Ashenzari
Cheibriados
Fedhas
Gozag
Kikubaaqudgha
Qazlal
Ru
Sif Muna
Uskayaw
Xom
Yredelemnul
Zin
The Shining One
Beogh

Shops:
D:4 =   D:10 =

Annotations:
D:3 exclusion: downstairs
D:5 exclusion: downstairs
D:8 2 transporters, weresquid's ghost, novice GnFi
D:9 exclusion: downstairs
D:11 1 exclusion
Lair:2 3 runed translucent doors, exclusion: 3 doors, kalagan's ghost, journeyman DECj
Lair:4 Urug


Innate Abilities, Weirdness & Mutations

You cannot wear most types of armour.
You are very stealthy in the water. (Stealth+)
((You are amphibious.))
You can wear up to eight rings at the same time.
((You can use your tentacles to constrict eight enemies at once.))
((Your skin changes colour to match your surroundings (Stealth+).))
((Your rubbery body absorbs attacks. (AC +1, EV +1)))


Message History

Aiming: Enslavement
Press: ? - help, Shift-Dir - straight line, f - iguana
Aim: an iguana (chance to affect: 56%)
The iguana is charmed.
Your iguana bites the six-headed hydra.
The six-headed hydra bites your iguana! x2
Your iguana dies!
Unknown command.
The six-headed hydra becomes distracted by the nearby gold, dreaming of imaginary riches.
The six-headed hydra is no longer distracted by gold.
There is a stone staircase leading up here.
You climb upwards.
The eight-headed hydra misses you.
The eight-headed hydra completely misses you. x3
The eight-headed hydra bites you!
* * * LOW HITPOINT WARNING * * *
The eight-headed hydra completely misses you.
The eight-headed hydra bites you.
* * * LOW HITPOINT WARNING * * *
The eight-headed hydra bites you!
You die...
Your body crumbles into a pile of gold.

#........#
#........≈≈P≈≈≈≈≈≈≈≈♣
......P.##
##..#...≈≈≈≈≈≈≈≈≈≈≈≈♣
#.#.....# ##....≈≈PP≈P≈≈≈≈≈≈♣♣
#.#.#...# ##....≈≈≈≈≈≈≈≈≈≈♣♣♣
........######.....≈PP≈≈≈≈≈♣♣♣
....P....#...#...........♣♣♣
#.#.P........[...........#
#.........#.##.D........#.#
#..#...#......#.s......####
....#............#...###
....####.............#
....###....#..#.#.P##.#
#..#...#.....>....## ##
...........#......#
####..#.####...#.## # #...##
##.P.#..# #..## ##...#...#


You could see an eight-headed hydra.

Vanquished Creatures
  A catoblepas (Lair:4)
  Nergalle (Lair:1)
  A cyclops (D:11)
  3 black mambas
  12 elephants
  4 cane toads
  Maggie (D:8)
  10 komodo dragons
  5 trolls
  A hornet (D:11)
  Grinder (D:3)
  6 blink frogs (Lair:4)
  3 wyverns
  Sigmund (D:5)
  22 yaks
  2 wraiths (D:11)
  4 basilisks
  A naga (Lair:4)
  2 swamp worms (Lair:4)
  7 water moccasins
  5 orc warriors
  2 ice beasts
  3 sky beasts
  A swamp drake (D:10)
  2 black bears
  A necrophage (D:6)
  A phantom (D:10)
  21 wolves
  An eye of draining (D:11)
  2 ogres
  3 centaurs
  Blork the orc (D:5)
  13 bullfrogs
  A wyvern zombie (D:11)
  2 wyvern skeletons
  2 scorpions
  5 killer bees (D:9)
  6 howler monkeys
  2 electric eels (Lair:3)
  A vampire bat (D:2)
  2 centaur skeletons
  7 hounds
  4 orc priests
  4 jellies
  A bullfrog skeleton (D:9)
  An iron imp (D:5)
  Jessica (D:2)
  Natasha (thrice) (D:3)
  4 hell rats (Lair:1)
  8 orc wizards
  5 iguanas
  Terence (D:2)
  6 worker ants
  2 hound zombies
  A mummy (D:8)
  A worker ant zombie (D:11)
  3 gnolls (D:3)
  14 adders
  A shadow imp (D:6)
  3 white imps
  An ooze (D:2)
  2 adder skeletons (D:6)
  7 worms
  A dart slug (D:1)
  5 leopard geckos
  54 orcs
  2 bat skeletons (D:2)
  4 bat zombies (D:2)
  5 giant cockroaches
  20 goblins
  9 hobgoblins
  7 jackals
  6 quokkas
  5 ball pythons
  6 bats
  5 frilled lizards
  A goblin zombie (D:5)
  12 kobolds
  A kobold skeleton (D:5)
  4 orc skeletons (D:5)
  2 orc zombies (D:5)
  8 rats
402 creatures vanquished.

Vanquished Creatures (others)
  An iguana (Lair:4)
  Robin (D:2)
  A hobgoblin (D:2)
  32 fungi
  45 plants
80 creatures vanquished.

Grand Total: 482 creatures vanquished

Notes
Turn   | Place    | Note
-------+----------+-------------------------------------------
     0 | D:1      | H0rd4k the Octopode Transmuter began the quest for the Orb.
     0 | D:1      | Reached XP level 1. HP: 13/13 MP: 3/3
   250 | D:1      | Reached XP level 2. HP: 13/18 MP: 5/5
   847 | D:1      | Reached XP level 3. HP: 20/23 MP: 6/6
   851 | D:1      | Learned a level 3 spell: Spider Form
  1169 | D:2      | Noticed Terence
  1508 | D:2      | Killed Terence
  1509 | D:2      | Reached XP level 4. HP: 28/28 MP: 3/7
  1717 | D:2      | Reached skill level 4 in Unarmed Combat
  1856 | D:2      | Noticed Jessica
  1860 | D:2      | Killed Jessica
  1861 | D:2      | Reached skill level 1 in Poison Magic
  2002 | D:2      | Found an ancient bone altar of Kikubaaqudgha.
  2011 | D:2      | Reached XP level 5. HP: 33/33 MP: 9/9
  2553 | D:2      | Noticed Robin
  2585 | D:2      | Killed Robin
  3360 | D:3      | Noticed Natasha
  3368 | D:3      | Killed Natasha
  3369 | D:3      | Reached XP level 6. HP: 27/38 MP: 6/10
  3563 | D:3      | Found a sacrificial altar of Ru.
  3618 | D:3      | Noticed Natasha
  3630 | D:3      | Killed Natasha
  3631 | D:3      | Reached skill level 5 in Unarmed Combat
  3667 | D:3      | Reached XP level 7. HP: 23/43 MP: 5/11
  3977 | D:3      | Noticed Grinder
  3992 | D:3      | Killed Grinder
  4150 | D:3      | Noticed Natasha
  4156 | D:3      | Killed Natasha
  4204 | D:3      | Reached skill level 6 in Unarmed Combat
  4367 | D:3      | Found a glowing golden altar of the Shining One.
  4582 | D:3      | Found a hide-covered altar of Uskayaw.
  4877 | D:3      | Found a basalt altar of Yredelemnul.
  4881 | D:3      | Noticed a profane servitor
  4930 | D:4      | Found a stormy altar of Qazlal.
  5206 | D:4      | Reached XP level 8. HP: 41/49 MP: 13/13
  5281 | D:4      | Found Moxojij's Jewellery Shop.
  5832 | D:5      | Entered Level 5 of the Dungeon
  5873 | D:5      | Found a glowing golden altar of the Shining One.
  5916 | D:5      | Noticed Sigmund
  5947 | D:5      | Killed Sigmund
  5948 | D:5      | Reached skill level 7 in Unarmed Combat
  6277 | D:5      | Found a broken altar of Ashenzari.
  6640 | D:5      | Noticed Blork the orc
  7086 | D:6      | Reached skill level 8 in Unarmed Combat
  7111 | D:6      | Reached XP level 9. HP: 35/55 MP: 11/15
  7179 | D:6      | Found a shimmering altar of Xom.
  7545 | D:6      | Found an opulent altar of Gozag.
  7780 | D:6      | Became a worshipper of Gozag Ym Sagoz the Greedy
  8005 | D:7      | Found a glowing silver altar of Zin.
  8748 | D:7      | Found a staircase to the Ecumenical Temple.
  8988 | D:8      | Reached skill level 5 in Transmutations
  9004 | D:8      | Reached skill level 5 in Spellcasting
  9012 | D:8      | Reached skill level 9 in Unarmed Combat
  9081 | D:8      | Found a snail-covered altar of Cheibriados.
  9263 | D:8      | Found a transporter.
  9263 | D:8      | Noticed weresquid's ghost (novice GnFi)
  9272 | D:8      | Found a transporter.
  9594 | D:8      | Noticed Maggie
  9612 | D:8      | Killed Maggie
  9779 | D:8      | Found a roughly hewn altar of Beogh.
 10174 | D:9      | Got a fading mace
 10504 | D:9      | Reached XP level 10. HP: 41/61 MP: 17/19
 11124 | D:9      | Identified the +3 mace of an ice cave {venom, +Fly rF+
                  | Str+4} (You found it on level 9 of the Dungeon)
 11141 | D:10     | Entered Level 10 of the Dungeon
 11200 | D:10     | Reached skill level 10 in Unarmed Combat
 11328 | D:10     | Learned a level 5 spell: Blade Hands
 12028 | D:10     | Found a blossoming altar of Fedhas.
 12122 | D:10     | Found Huuss's Jewellery Emporium.
 12277 | D:10     | Reached skill level 5 in Dodging
 12644 | D:10     | Found a staircase to the Lair.
 12875 | D:4      | Bought the ring "Toaleetty" {Str+6 Dex+2} for 906 gold
                  | pieces
 13035 | D:5      | Killed Blork the orc
 13040 | D:5      | Found a shimmering blue altar of Sif Muna.
 13443 | D:11     | Reached skill level 11 in Unarmed Combat
 13490 | D:11     | Reached skill level 1 in Throwing
 13586 | D:11     | Reached XP level 11. HP: 52/67 MP: 20/22
 13634 | D:11     | Noticed a cyclops
 14327 | D:11     | Killed a cyclops
 14482 | D:11     | Noticed a flayed ghost
 14532 | D:11     | Reached skill level 12 in Unarmed Combat
 14625 | D:10     | Bought the ring "Xazing" {Fire +Fly rElec rPois Int+2} for
                  | 544 gold pieces
 14642 | D:10     | Learned a level 4 spell: Ice Form
 14719 | Lair:1   | Entered Level 1 of the Lair of Beasts
 14973 | Lair:1   | Noticed Nergalle
 15003 | Lair:1   | Killed Nergalle
 15004 | Lair:1   | Reached skill level 1 in Ice Magic
 15996 | Lair:2   | Reached XP level 12. HP: 72/72 MP: 19/24
 16113 | Lair:2   | Found a runed translucent gate.
 16114 | Lair:2   | Found a runed translucent gate.
 16115 | Lair:2   | Found a runed translucent gate.
 16228 | Lair:2   | Noticed kalagan's ghost (journeyman DECj)
 16349 | Lair:2   | Reached skill level 13 in Unarmed Combat
 16938 | Lair:3   | Got a fine marble ring
 17559 | Lair:3   | Noticed an eight-headed hydra
 17579 | Lair:4   | Noticed a catoblepas
 17587 | Lair:4   | Found a staircase to the Snake Pit.
 17697 | Lair:4   | Identified the ring of Wuubb {Str+4 Int+5 Stlth-} (You
                  | found it on level 3 of the Lair of Beasts)
 17848 | Lair:4   | Killed a catoblepas
 18051 | Lair:4   | Noticed an eight-headed hydra
 18078 | Lair:4   | Noticed a six-headed hydra
 18176 | Lair:4   | Reached skill level 14 in Unarmed Combat
 18204 | Lair:4   | Reached XP level 13. HP: 43/79 MP: 26/26
 18752 | Lair:4   | Noticed Urug
 18752 | Lair:4   | HP: 3/79 [Urug/javelin (15)]
 18798 | Lair:3   | Slain by an eight-headed hydra

Illustrated notes

Levels and vault maps discovered:
D:1:      eino_arrival_tree_alley, layout_loops_ring, corexii_leaking_fountain,
          minmay_shallow_snake_nest
D:2:      layout_loops_cross, kennysheep_vampire_church, uniq_jessica,
          uniq_terence, uniq_robin
D:3:      layout_basic, lemuel_coloured_pillars_altar,
          nicolae_ru_great_annihilating_truth, grunt_temple_overflow_holy_war,
          minmay_cut_off, uniq_natasha, uniq_grinder
D:4:      layout_loops_cross, nicolae_qazlal_general_emergency, serial_shops,
          shop
D:5:      layout_rooms, ashenzari_conservatory_becter, tgw_sif, serial_aquarium,
          aquarium_bridge_square [aquarium_subvault_bridge,
          aquarium_subvault_wall, aquarium_subvault_window,
          aquarium_subvault_bridge], aquarium_bridge_island_small
          [aquarium_subvault_small_water, aquarium_subvault_window,
          aquarium_subvault_bridge, aquarium_subvault_wall,
          aquarium_subvault_wall], aquarium_window_2, aquarium_window_1,
          aquarium_window_corner, aquarium_view_2d, aquarium_view_2c,
          aquarium_balcony_5b, aquarium_pool_S, nicolae_tso_besieged_by_evil,
          uniq_sigmund
D:6:      layout_basic, grunt_gozag_breadcrumbs, xom_teletrap_fun
D:7:      layout_basic, zin_statuary, minmay_temple_entry_nine_rooms
D:8:      layout_gridville, slow_altar_1, gammafunk_ghost_mausoleum,
          special_room [special_room_orc], bh_walls_and_bars, uniq_maggie
D:9:      layout_basic, hangedman_glass_teeth, kennysheep_diamond
D:10:     layout_irregular_city, erik_lair_dragon, basic_altar, serial_shops,
          kennysheep_mini
D:11:     nzn_winding_woodlands_large [nzn_winding_woodlands_5x5_default,
          nzn_winding_woodlands_5x15_jagged,
          nzn_winding_woodlands_5x5_checkerboard,
          nzn_winding_woodlands_center_pierced_h,
          nzn_winding_woodlands_15x15_thick_spiral,
          nzn_winding_woodlands_center_lodge,
          nzn_winding_woodlands_5x5_open_star, nzn_winding_woodlands_5x15_eye,
          nzn_winding_woodlands_5x5_default], layout_irregular_city
Lair:1:   layout_regular_city, minivault_27, grunt_forest_small_clearing_treed,
          uniq_nergalle
Lair:2:   layout_loops_ring, gammafunk_ghost_icy, grunt_megastairs_1,
          infiniplex_staircase_pool
Lair:3:   layout_loops_ring, minmay_lair_oklob_chamber, serial_bayou_shore_a,
          lemuel_fruit_fields, lemuel_fruit_tree
Lair:4:   layout_cave_pods, palyth_hydra_swamp_entry,
          guppyfry_snake_entry_island, uniq_urug
Lair:5:   layout_misc_corridors, portal_ice_cave_entry_imps, basic_altar

Skill      XL: |  1  2  3  4  5  6  7  8  9 10 11 12 13 |
---------------+----------------------------------------+-----
Unarmed Combat | 4 5 6 8 9 11 12 14 | 14.4
Poison Magic   | 1 2 3 |  3.5
Spellcasting   | 3 4 6 7 8 9 |  9.4
Transmutations | 3 4 5 6 7 8 9 |  9.2
Dodging        | 3 4 5 6 7 |  7.3
Fighting       | 2 3 |  3.9
Throwing       | 1 2 |  2.1
Ice Magic      | 2 3 |  3.4
Stealth        | |  0.9
Evocations     | |  0.6

Action                   |  1- 3 |  4- 6 |  7- 9 | 10-12 | 13-15 || total
-------------------------+-------+-------+-------+-------+-------++-------
Melee: Unarmed           |    76 |   170 |   383 |   556 |    83 ||  1268
       Constrict         |    15 |    22 |    30 |     8 |       ||    75
       Tentacles         |     6 |    12 |    22 |    11 |     1 ||    52
       Punch             |     1 |     3 |     4 |     3 |       ||    11
Throw: Dart              |       |       |       |    17 |       ||    17
 Cast: Spider Form       |     1 |     7 |    38 |    41 |     4 ||    91
       Ice Form          |       |       |       |    12 |     2 ||    14
       Blade Hands       |       |       |       |     4 |       ||     4
 Abil: End Transformatio |       |       |       |       |     1 ||     1
Evoke: Wand              |       |       |     3 |       |     1 ||     4
  Use: Scroll            |       |       |     8 |     6 |    14 ||    28
       Potion            |       |       |       |     3 |     3 ||     6
 Stab: Sleeping          |     8 |     6 |    12 |     4 |       ||    30
       Paralysed         |       |     2 |       |       |       ||     2
       Invisible         |       |     1 |       |       |       ||     1
       Distracted        |       |       |     1 |     4 |       ||     5
Armor: Skin              |     5 |    16 |    14 |    20 |     7 ||    62
Dodge: Dodged            |    36 |   128 |   269 |   359 |   104 ||   896
